 Dungeon Crawl Stone Soup version 0.31.0-11-ge490571c62 (webtiles) character file.

Game seed: 16394306338711171125

28 qw the Shooter (level 2, 0/14 HPs)
             Began as a Spriggan Hunter on Feb 3, 2024.
             Succumbed to their own poison gas
             ... on level 1 of the Dungeon.
             The game lasted 00:00:02 (642 turns).

qw the Shooter (Spriggan Hunter)                     Turns: 642, Time: 00:00:03

Health: 0/14       AC:  2    Str:  7    XL:     2   Next: 96%
Magic:  3/3        EV: 19    Int: 10    God:
Gold:   62         SH:  0    Dex: 18    Spells: 1/1 levels left

rFire   . . .        a - +0 shortbow
rCold   . . .        (shield currently unavailable)
rNeg    . . .        c - +0 robe
rPois   .            (helmet restricted)
rElec   .            (no cloak)
rCorr   .            (gloves unavailable)
SInv    +            (boots unavailable)
Will    .....        (no amulet)
Stlth   ++           (no ring)
HPRegen 0.22/turn    (no ring)
MPRegen 0.08/turn

%: no passive effects
@: lethally poisoned (0 -> -11), very quick
A: very small, no large weapons, unfitting armour, see invisible, speed 3
a: no special abilities


You were on level 1 of the Dungeon.
You visited 1 branch of the dungeon, and saw 1 of its levels.

You collected 62 gold pieces.


Innate Abilities, Weirdness & Mutations

You are very small and have problems with some larger weapons.
You are too small for most types of armour.
You have supernaturally acute eyesight. (SInv)
You cover ground extremely quickly. (Speed+++)


   Skills:
 - Level 1.5 Fighting
 + Level 4.4 Ranged Weapons
 - Level 4.0 Dodging
 - Level 1.5 Stealth


You had one spell level left.
You didn't know any spells.
Your spell library was empty.

Inventory:

Hand Weapons
 a - a +0 shortbow (weapon)
Armour
 c - a +0 robe (worn)
Jewellery
 e - a ring of ice
Potions
 i - a potion of mutation

Dungeon Overview and Level Annotations

Branches:
Dungeon (1/15)

Altars:


Message History

Sorry, I don't know how to get there.
Enter note:
Enter note:
Enter note:
Enter note:
Enter note:
Enter note:
Enter note:
Enter note:
Enter note:
Enter note:
Enter note:
Enter note: You are engulfed in poison gas.
You are lethally poisoned!
You feel very sick.
634 ||| Stepping ~*~*~tactically~*~*~ (cloud).
You feel sick.
Things that are here:
a potion of magic; a potion of ambrosia; a scroll of butterflies
635 ||| DRINKING 2 potions of curing.
You feel better.
635 ||| (to cure poison)
You are engulfed in poison gas.
You are lethally poisoned!
You feel very sick.
637 ||| Stepping ~*~*~tactically~*~*~ (cloud).
You feel sick.
Things that are here:
a potion of magic; a potion of ambrosia; a scroll of butterflies
638 ||| DRINKING potion of curing.
You feel better.
638 ||| (to cure poison)
You are engulfed in poison gas.
You are lethally poisoned!
You feel very sick.
640 ||| Stepping ~*~*~tactically~*~*~ (cloud).
You feel very sick.
There is a lethal amount of poison in your body!
You feel very sick.
There is a lethal amount of poison in your body!
You die...

######.........##.#
######'###
#.........##.##
#.¤¤......
######.##......###.###
#¤¤¤.....~
.....#.#..##.###
##..#####~~~~~~~
.........###.###
###...#####+###
.......### #...##
######.........
.......# ###..###0#
########## .......#
##.##!.### .......#
#0.@000[0# .......#
#0000.00.# ......##
#...000..# .......#
########## )......#
.......# .).....#
.......# ......##


There were no monsters in sight!

Vanquished Creatures
  A ball python (D:1)
  2 endoplasms (D:1)
  5 goblins (D:1)
  6 hobgoblins (D:1)
  A quokka (D:1)
  2 bats (D:1)
  2 frilled lizards (D:1)
  4 kobolds (D:1)
  2 rats (D:1)
25 creatures vanquished.

Notes
Turn   | Place    | Note
-------+----------+-------------------------------------------
     0 | D:1      | qw the Spriggan Hunter began the quest for the Orb.
     0 | D:1      | Reached XP level 1. HP: 10/10 MP: 2/2
     0 | D:1      | 0 ||| qw: Version: 0.3-a-157-g843a77d
     0 | D:1      | 0 ||| qw: Game counter: 3814
     0 | D:1      | 0 ||| qw: Melee chars always use a shield: true
     0 | D:1      | 0 ||| qw: God list: Okawaru
     0 | D:1      | 0 ||| qw: Allow faded altars: false
     0 | D:1      | 0 ||| qw: Do Orc after clearing Dungeon:15 true
     0 | D:1      | 0 ||| qw: Do second Lair branch before Depths: true
     0 | D:1      | 0 ||| qw: Lair rune preference: random
     0 | D:1      | 0 ||| qw: Goals: Normal
     0 | D:1      | 0 ||| PLANNING D:1-11
    15 | D:1      | Reached skill level 3 in Dodging
   145 | D:1      | Reached XP level 2. HP: 14/14 MP: 3/3
   307 | D:1      | Found a faded altar of an unknown god.
   620 | D:1      | 620 ||| READING 2 scrolls labelled GEFRIA SENUSSO.
   620 | D:1      | 620 ||| IDENTIFYING fuming dark potion
   621 | D:1      | 621 ||| READING scroll of identify.
   621 | D:1      | 621 ||| IDENTIFYING viscous inky potion
   622 | D:1      | 622 ||| READING scroll labelled JOYMUN RYLUJECI.
   626 | D:1      | 626 ||| READING scroll labelled MESEANN BUQOLE.
   627 | D:1      | 627 ||| DRINKING 4 grey potions.
   628 | D:1      | 628 ||| DRINKING 2 clear potions.
   629 | D:1      | 629 ||| DRINKING 3 potions of curing.
   629 | D:1      | 629 ||| (to cure confusion)
   630 | D:1      | 630 ||| DROPPING scroll of butterflies.
   631 | D:1      | 631 ||| DROPPING potion of ambrosia.
   632 | D:1      | 632 ||| DROPPING potion of magic.
   634 | D:1      | 634 ||| Stepping ~*~*~tactically~*~*~ (cloud).
   635 | D:1      | 635 ||| DRINKING 2 potions of curing.
   635 | D:1      | 635 ||| (to cure poison)
   637 | D:1      | 637 ||| Stepping ~*~*~tactically~*~*~ (cloud).
   638 | D:1      | 638 ||| DRINKING potion of curing.
   638 | D:1      | 638 ||| (to cure poison)
   640 | D:1      | 640 ||| Stepping ~*~*~tactically~*~*~ (cloud).
   641 | D:1      | HP: 3/14 [poisoned by you (poison gas)]
   642 | D:1      | Succumbed to their own poison gas

Levels and vault maps discovered:
D:1:      dpeg_arrival_morbid_curiosity, layout_rooms,
          shapermc_ecumenical_altar_acropolis, serial_bayou_pond_a,
          serial_bayou_lagoon_a

Skill      XL: |  1  2 |
---------------+-------+-----
Dodging        | 3 4 |  4.0
Fighting       | |  1.5
Ranged Weapons | |  4.4
Stealth        | |  1.5

Action                     || total
---------------------------++-------
   Fire: Shortbow          ||    49
    Use: Potion            ||     5
         Scroll            ||     4
 Armour: Robe              ||     3
  Dodge: Dodged            ||    11

Table legend:
 A = Non-vault XP
 B = Vault XP
 C = Vault XP percentage of total XP
 D = Non-vault monster count
 E = Vault monster count
 F = Vault count percentage of total count
                 A         B        C        D         E       F
            +---------+---------+-------+---------+---------+-------
      Total |      31 |       9 |  22.5 |      20 |       5 |  20.0
            +---------+---------+-------+---------+---------+-------
        D:1 |      31 |       9 |  22.5 |      20 |       5 |  20.0
            +---------+---------+-------+---------+---------+-------
